 Dungeon Crawl Stone Soup version 0.31-a0-1074-g0b22e4e0f1 (webtiles) character file.

Game seed: 17310084200465479124

1824736 MackTheKnife the Myrmidon (level 26, 239/239 HPs)
             Began as a Demonspawn Hunter on Nov 25, 2023.
             Was an Elder of Okawaru.
             Escaped with the Orb
             ... and 3 runes on Nov 26, 2023!
             The game lasted 01:42:00 (59385 turns).

MackTheKnife the Myrmidon (Demonspawn Hunter)      Turns: 59385, Time: 01:42:01

Health: 239/239    AC: 33    Str: 18    XL:     26   Next: 94%
Magic:  47/47      EV: 43    Int: 10    God:    Okawaru [****..]
Gold:   8224       SH:  5    Dex: 32    Spells: 23/25 levels left

rFire   + + .        X - +8 storm bow {elec, penet}
rCold   . . .        (shield currently unavailable)
rNeg    + + .        Q - +7 faerie dragon scales {rCorr Dex+2 Clar}
rPois   .            f - +2 hat of Zin's Displeasure {rC- rN++ Will+ MP+9}
rElec   +            S - +2 cloak {rCorr}
rCorr   +            (gloves unavailable)
SInv    .            m - +2 pair of boots of the Lich-sworn {Fly rElec Str+3 Dex-2}
Will    ++...        F - amulet "Ublar" {Reflect Dex+6 SH+5}
Stlth   ++           O - ring "Roem" {Fly rF+ rC+ Stlth+, =R}
HPRegen 0.59/turn    T - +6 ring of dexterity
MPRegen 0.30/turn

%: reflection, clarity
@: heroic, finesse-ful, flying, studying Summonings
A: claws 3, rugged brown scales 3, powered by death 2, augmentation 3, demonic
magic 3, clumsy 2, deterioration 1, dopey 1, fire resistance 1, sense
surroundings 1
0: Orb of Zot
}: 3/15 runes: decaying, silver, gossamer
a: Renounce Religion, Heroism, Finesse


You escaped.
You worshipped Okawaru.
Okawaru was greatly pleased with you.
You visited 11 branches of the dungeon, and saw 51 of its levels.
You visited 2 bazaars.
You also visited: Gauntlet and Ice Cave.

You collected 12292 gold pieces.
You spent 4068 gold pieces at shops.


Innate Abilities, Weirdness & Mutations

You have claws for hands.
You are completely covered in rugged brown scales. (AC +3, +7% HP)
You regenerate health from kills.
Your magical and physical power is greatly enhanced at high health.
Spells you cast and wands you use may paralyse nearby enemies.
You are very clumsy. (Dex -4)
Your body sometimes deteriorates upon taking damage.
You are dopey. (Int -2)
Your flesh is heat resistant. (rF+)
You passively map a small area around you.


   Skills:
 - Level 22.0(27) Fighting
 - Level 22.0(27) Ranged Weapons
 - Level 22.0(27) Armour
 - Level 22.0(27) Dodging
 - Level 6.0(11.0) Stealth
 - Level 6.0 Translocations
 - Level 22.1 Invocations
 + Level 8.2 Evocations


You had 23 spell levels left.
You knew the following spells:

 Your Spells              Type           Power      Damage    Failure   Level
a - Blink                 Tloc           52%        N/A       5%          2

Your spell library contained the following spells:

 Spells                   Type           Power      Damage    Failure   Level
 Apportation              Tloc           52%        N/A       3%          1
 Lesser Beckoning         Tloc           52%        N/A       5%          2
 Gell's Gravitas          Tloc           26%        N/A       11%         3
 Teleport Other           Tloc           26%        N/A       11%         3
 Momentum Strike          Conj/Tloc      26%        3d8       19%         2
 Manifold Assault         Tloc           26%        N/A       34%         4
 Passage of Golubria      Tloc           26%        N/A       34%         4
 Volatile Blastmotes      Fire/Tloc      26%        2d12      36%         3
 Foxfire                  Conj/Fire      0%         2x1d4     38%         1
 Freeze                   Ice            0%         1d3       38%         1
 Kiss of Death            Conj/Necr      0%         2d5       38%         1
 Magic Dart               Conj           0%         1d3       38%         1
 Necrotise                Necr           0%         1d4       38%         1
 Sandblast                Erth           0%         2d4       38%         1
 Sting                    Tmut/Pois      0%         1d3       38%         1
 Cigotuvi's Dreadful Rot  Necr/Pois/Air  0%         N/A       54%         2
 Jinxbite                 Hex            0%         N/A       54%         2
 Passwall                 Tmut/Erth      0%         N/A       54%         2
 Poisonous Vapours        Pois/Air       0%         N/A       54%         2
 Searing Ray              Conj           0%         2d4       54%         2
 Wereblood                Tmut           0%         N/A       54%         2
 Confusing Touch          Hex            0%         N/A       77%         3
 Frozen Ramparts          Ice            0%         1d1       77%         3
 Hailstorm                Conj/Ice       0%         3d3       77%         3
 Inner Flame              Hex/Fire       0%         N/A       77%         3
 Ozocubu's Armour         Ice            0%         N/A       77%         3
 Stone Arrow              Conj/Erth      0%         3d7       77%         3
 Swiftness                Air            0%         N/A       77%         3
 Dimensional Bullseye     Hex/Tloc       6%         N/A       77%         4
 Iskenderun's Mystic Bla  Conj/Tloc      13%        2d5       77%         4
 Vhi's Electric Charge    Tloc/Air       26%        N/A       77%         4
 Anguish                  Hex/Necr       0%         N/A       99%         4
 Brom's Barrelling Bould  Conj/Erth      0%         2d3       99%         4
 Cause Fear               Hex            0%         N/A       99%         4
 Fulminant Prism          Conj/Hex       0%         3d5       99%         4
 Leda's Liquefaction      Hex/Erth       0%         N/A       99%         4
 Olgreb's Toxic Radiance  Pois           0%         N/A       99%         4
 Petrify                  Tmut/Erth      0%         N/A       99%         4
 Sticky Flame             Conj/Fire      0%         2d3       99%         4
 Dispersal                Tloc           13%        N/A       99%         6
 Alistair's Intoxication  Tmut/Pois      0%         N/A       100%        5
 Arcjolt                  Conj/Air       0%         1d10      100%        5
 Borgnjor's Vile Clutch   Necr/Erth      0%         N/A       100%        5
 Fireball                 Conj/Fire      0%         3d3       100%        5
 Irradiate                Conj/Tmut      0%         3d11      100%        5
 Iskenderun's Battlesphe  Conj           0%         2d6       100%        5
 Metabolic Englaciation   Hex/Ice        0%         N/A       100%        5
 Silence                  Hex/Air        0%         N/A       100%        5
 Yara's Violent Unravell  Hex/Tmut       0%         3d3       100%        5
 Bombard                  Conj/Erth      0%         9d1       100%        6
 Conjure Ball Lightning   Conj/Air       0%         3x3d6     100%        6
 Eringya's Noxious Bog    Tmut/Pois      0%         4d6       100%        6
 Enfeeble                 Hex            0%         N/A       100%        7
 Orb of Destruction       Conj           0%         9d5       100%        7
 Borgnjor's Revivificati  Necr           0%         N/A       100%        8
 Discord                  Hex            0%         N/A       100%        8
 Disjunction              Tloc           13%        N/A       100%        8
 Lehudib's Crystal Spear  Conj/Erth      0%         10d2      100%        8
 Maxwell's Capacitive Co  Air            0%         ∞         100%        8
 Death's Door             Necr           0%         N/A       100%        9
 Fire Storm               Conj/Fire      0%         5d1       100%        9
 Summon Small Mammal      Summ           Unusable   N/A       N/A         1
 Call Imp                 Summ           Unusable   N/A       N/A         2
 Call Canine Familiar     Summ           Unusable   N/A       N/A         3
 Summon Guardian Golem    Hex/Summ       Unusable   N/A       N/A         3
 Tukima's Dance           Hex            Unusable   N/A       N/A         3
 Summon Forest            Summ/Tloc      Unusable   N/A       N/A         5
 Summon Ice Beast         Ice/Summ       Unusable   N/A       N/A         4
 Summon Mana Viper        Hex/Summ       Unusable   N/A       N/A         5
 Simulacrum               Ice/Necr       Unusable   N/A       N/A         6
 Summon Cactus Giant      Summ           Unusable   N/A       N/A         6
 Haunt                    Necr/Summ      Unusable   N/A       N/A         7
 Malign Gateway           Summ/Tloc      Unusable   N/A       N/A         7
 Spellforged Servitor     Conj/Summ      Unusable   N/A       N/A         7
 Summon Hydra             Summ           Unusable   N/A       N/A         7
 Infestation              Necr           Unusable   N/A       N/A         8
 Summon Horrible Things   Summ           Unusable   N/A       N/A         8

Inventory:

Hand Weapons
 a - the +7 longbow of Infection {antimagic, Contam rC+ rN+ Will+, bow}
   (Okawaru gifted it to you on level 2 of the Lair of Beasts)

   rC+:       It protects you from cold.
   rN+:       It protects you from negative energy.
   Will+:     It increases your willpower.
   Contam:    It causes magical contamination when unequipped.
 X - the +8 storm bow (weapon) {elec, penet}
   (You acquired it on level 4 of the Vaults)
Armour
 f - the +2 hat of Zin's Displeasure (worn) {rC- rN++ Will+ MP+9}
   (You found it on level 4 of the Spider Nest)

   rC-:       It makes you vulnerable to cold.
   rN++:      It greatly protects you from negative energy.
   Will+:     It increases your willpower.
   MP+9:      It affects your magic capacity (+9).
 m - the +2 pair of boots of the Lich-sworn (worn) {Fly rElec Str+3 Dex-2}
   (Okawaru gifted it to you on level 2 of the Lair of Beasts)

   Str+3:     It affects your strength (+3).
   Dex-2:     It affects your dexterity (-2).
   rElec:     It insulates you from electricity.
   Fly:       It grants you flight.
 w - a +1 hat of see invisible
   (You took it off Gastronok on level 2 of the Lair of Beasts)
 Q - the +7 faerie dragon scales (worn) {rCorr Dex+2 Clar}
   (You took it off the Enchantress on level 2 of the Depths)

   Dex+2:     It affects your dexterity (+2).
   Clar:      It protects you from confusion, rage, mesmerisation and fear.
   rCorr:     It protects you from acid and corrosion.
 S - a +2 cloak of preservation (worn)
   (You bought it in a shop on level 2 of the Orcish Mines)
Jewellery
 y - a ring of poison resistance
   (You found it on level 8 of the Dungeon)
 F - the amulet "Ublar" (around neck) {Reflect Dex+6 SH+5}
   (You acquired it in an ice cave)

   [amulet of reflection]

   Reflect:   It reflects blocked missile attacks.
   Dex+6:     It affects your dexterity (+6).
   SH+5:      It affects your SH (+5).
 K - a ring of willpower
   (You found it on level 5 of the Lair of Beasts)
 O - the ring "Roem" (left claw) {Fly rF+ rC+ Stlth+, =R}
   (You bought it in a shop on level 12 of the Dungeon)

   [ring of flight]

   rF+:       It protects you from fire.
   rC+:       It protects you from cold.
   Fly:       It grants you flight.
   Stlth+:    It makes you more stealthy.
 R - a ring of see invisible
   (You took it off a fire giant on level 4 of the Depths)
 T - a +6 ring of dexterity (right claw)
   (You bought it in a shop on level 12 of the Dungeon)
Wands
 h - a wand of paralysis (70)
   (You found it on level 1 of the Lair of Beasts)
 n - a wand of polymorph (38)
   (You took it off Ijyb on level 5 of the Dungeon)
 s - a wand of iceblast (39)
   (You found it on level 10 of the Dungeon)
 x - a wand of flame (113)
   (You found it on level 4 of the Dungeon)
 E - a wand of digging (29)
   (You found it on level 3 of the Swamp)
 M - a wand of mindburst (29)
   (You found it on level 3 of the Swamp)
 W - a wand of acid (14)
   (You found it on level 13 of the Dungeon)
Scrolls
 g - 17 scrolls of immolation {!r!r}
 j - 22 scrolls of teleportation {@r4}
 p - 10 scrolls of vulnerability {!r!r}
 q - 6 scrolls of fear
 t - 8 scrolls of fog
 u - 13 scrolls of blinking {!r}
 B - 10 scrolls of butterflies
 G - a scroll of revelation
 J - a scroll of silence {!r}
 U - a scroll of poison {!r}
 V - 31 scrolls of identify {@r1}
Potions
 b - 3 potions of invisibility
 c - 19 potions of curing {@q1}
 d - 8 potions of mutation {!q}
 e - 13 potions of haste {@q3}
 i - 7 potions of ambrosia
 k - 4 potions of resistance
 r - 4 potions of brilliance
 v - 3 potions of cancellation
 z - 9 potions of might
 A - 8 potions of heal wounds {@q2}
 C - 7 potions of enlightenment
 H - 7 potions of magic
 I - 3 potions of berserk rage {unknown}
Miscellaneous
 L - a lightning rod (4/4)
   (You found it on level 3 of the Lair of Beasts)
 N - a phial of floods
   (You found it on level 1 of the Spider Nest)
 P - a condenser vane
   (You found it in a Gauntlet)

Dungeon Overview and Level Annotations

Branches:
Dungeon (15/15)            Temple (1/1) D:5            Lair (5/5) D:11
  Swamp (4/4) Lair:3       Spider (4/4) Lair:3        Slime (0/5) Lair:5
    Orc (2/2) D:9             Elf (3/3) Orc:2        Vaults (5/5) D:14
  Crypt (3/3) Vaults:2       Tomb (0/3) Crypt:3      Depths (4/4) D:15
    Zot (5/5) Depths:4      IceCv (visited)         Gauntlet (visited)

Altars:
Ashenzari
Cheibriados
Dithmenos
Fedhas
Gozag
Hepliaklqana
Kikubaaqudgha
Makhleb
Nemelex Xobeh
Okawaru
Qazlal
Ru
Sif Muna
Trog
Uskayaw
Vehumet
Wu Jian
Xom
Yredelemnul
Jiyva
Lugonu

Shops:
D:12 [=:*   D:14 ?   Orc:1 [   Orc:2 *[***   Elf:1 *   Depths:3 (:?
Depths:4 *(

Portals:
Hell: Depths:1 Depths:2 Depths:3 Depths:4
Abyss: Depths:3 Depths:4
Pandemonium: Depths:2
Ziggurat: Depths:2
Trove: Vaults:2 (give 13 potions of heal wounds)

Annotations:
D:3 3 runed translucent doors, Vorhees's ghost, amateur HuFi
D:11 exclusions: boulder beetle and 3 doors
D:14 exclusion: 2 doors
Lair:5 2 runed translucent doors, Uduj's ghost, journeyman DjCj
Elf:2 3 runed translucent doors
Zot:4 1 transporter, exclusion: obsidian statue
Zot:5 4 transporters, exclusion: 2 upstairs

.#######)#..#...≈...# #.........
....).......#.8.≈.8.# #.........
########....#...≈...# #......###
#### #.)..#.♣.≈.♣.# #......# #
...#####....#...≈...# #......###
##.....#....#.8.≈.8.# #......)..
............#...≈...#######....#)
####..^.....###...###.......##...
#..........##@##...#...####.#.
#...........###..##...## #.#.
#........#..........### #.##
#........############ #...
########## ####### ###. #.....#
#. #.###.######### #.#
#.......... #.# ###########


There were no monsters in sight!


Message History

You shoot an arrow.
The arrow barely misses the shadow demon.
You shoot an arrow.
The arrow pierces through the shadow demon!!
You kill the shadow demon!
Okawaru accepts your kill.
Your Evocations skill increases to level 8!
No target in view!
No target in view!
No target in view!
You start resting.
A demonspawn black sun comes into view.
It is wielding a +2 demon trident of venom. 😎 MP[+1] Unknown command.
You shoot an arrow.
The arrow closely misses the demonspawn black sun.
You shoot an arrow.
The arrow barely misses the demonspawn black sun.
You shoot an arrow.
The arrow pierces through the demonspawn black sun!!
The demonspawn black sun hits you but does no damage.
You are poisoned.
You shoot an arrow.
The arrow pierces through the demonspawn black sun!!
You feel sick. 😕 HP[-2] MP[+1]
You take 2 damage, and now have 237/239 hp.
Your mp is fully restored (47).
You shoot an arrow.
The arrow pierces through the demonspawn black sun!!!
You kill the demonspawn black sun!
Okawaru accepts your kill.
You feel sick.
No target in view! 😕 HP[+1] No target in view!
No target in view!
No target in view!
No target in view!
No target in view!
No target in view!
No target in view!
No target in view!
No target in view!
No target in view!
No target in view!
No target in view!
No target in view!
No target in view!
No target in view!
A soul eater comes into view.
You feel sick. 😕 HP[-1]
You take 1 damage, and now have 237/239 hp.
You shoot an arrow.
The arrow pierces through the soul eater!!
You feel sick. 😕 HP[+1]
You shoot an arrow.
The arrow pierces through the soul eater!! 😎 HP[+1]
Your hp is fully restored (239).
You shoot an arrow. The arrow barely misses the soul eater.
You feel sick.
You shoot an arrow.
The arrow pierces through the soul eater!!!
You kill the soul eater!
Okawaru accepts your kill.
No target in view!
No target in view!
No target in view!
No target in view!
No target in view!
No target in view!
You feel sick.
Things that are here:
a +2 demon trident of venom {polearm}; a +0 ring mail; a demonspawn corpse You feel sick.
You feel sick.
You feel sick.
You feel sick.
You are no longer poisoned.
A rust devil comes into view.
You shoot an arrow.
The arrow pierces through the rust devil!
You shoot an arrow.
The arrow pierces through the rust devil!
You shoot an arrow.
The arrow pierces through the rust devil!!!
You kill the rust devil!
Okawaru accepts your kill.
No target in view!
No target in view!
No target in view!
No target in view!
No target in view!
No target in view!
No target in view!
There is an empty arch of ancient stone here.
There is a staircase leading out of the dungeon here.
You have escaped!

Skill      XL: |  1  2  3  4  5  6  7  8  9 10 11 12 13 14 15 16 17 18 19 20 21 22 23 24 25 26 |
---------------+-------------------------------------------------------------------------------+-----
Ranged Weapons | 4 5 6 7 8 9 11 12 13 14 17 19 20 21 22 | 22.0
Evocations     | 1 4 8 |  8.2
Fighting       | 3 6 8 11 14 15 17 19 20 21 22 | 22.0
Dodging        | 2 8 9 14 15 17 18 20 21 22 | 22.0
Invocations    | 9 10 19 22 | 22.1
Armour         | 5 10 11 15 19 22 | 22.0
Stealth        | 2 6 |  6.0
Translocations | 6 |  6.0

Action                     |  1- 3 |  4- 6 |  7- 9 | 10-12 | 13-15 | 16-18 | 19-21 | 22-24 | 25-27 || total
---------------------------+-------+-------+-------+-------+-------+-------+-------+-------+-------++-------
   Fire: Shortbow          |   131 |   235 |   118 |       |       |       |       |       |       ||   484
         Sling             |       |       |   165 |   513 |       |       |       |       |       ||   678
         Longbow           |       |       |       |   260 |  1398 |  1839 |  1859 |  1977 |  1077 ||  8410
  Throw: Dart              |       |       |     1 |     3 |     2 |       |       |       |       ||     6
 Invoke: Heroism           |       |       |       |     8 |     9 |    18 |     8 |     7 |    10 ||    60
         Finesse           |       |       |       |     1 |    15 |    19 |    18 |     9 |    12 ||    74
         Receive Weapon    |       |       |       |     1 |       |       |       |       |       ||     1
         Receive Armour    |       |       |       |     1 |       |       |       |       |       ||     1
  Evoke: Wand              |       |       |    24 |    34 |       |     2 |       |       |     2 ||    62
         Condenser vane    |       |       |       |       |       |     2 |       |       |       ||     2
         Lightning rod     |       |       |       |       |       |     2 |       |       |       ||     2
    Use: Scroll            |       |     9 |     8 |    13 |    11 |     6 |     3 |     6 |     6 ||    62
         Potion            |       |       |     1 |     2 |     2 |     3 |     1 |     4 |     2 ||    15
 Armour: Leather armour    |    38 |    63 |    64 |   228 |   152 |       |       |       |       ||   545
         Swamp dragon scal |       |       |       |       |   104 |   389 |   201 |   193 |       ||   887
         Acid dragon scale |       |       |       |       |       |       |       |    85 |   136 ||   221
  Dodge: Dodged            |    44 |    67 |    50 |   264 |   388 |  1030 |   482 |   672 |   322 ||  3319
  Block: Other             |       |       |       |       |   101 |   185 |    58 |    87 |    39 ||   470
         Reflection        |       |       |       |       |     8 |     2 |     4 |     3 |     4 ||    21

Levels and vault maps discovered:
D:1:      mainiacjoe_arrival_reflecting_pool, layout_basic
D:2:      layout_basic
D:3:      layout_basic, nicolae_ru_sacrificial_ziggurat,
          ebering_ghost_rock_garden, chequers_arboretum
D:4:      layout_loops_corners, grunt_temple_overflow_growth_and_decay,
          hex_medium, st_stairs_14, uniq_natasha
D:5:      nicolae_cairo_tiling_very_big, layout_basic,
          mainiacjoe_overflow_boulevard, minmay_temple_entry_drinking_statues,
          serial_aquarium, aquarium_bridge_island_small
          [aquarium_subvault_small_open, aquarium_subvault_window,
          aquarium_subvault_bridge, aquarium_subvault_balcony,
          aquarium_subvault_wall], aquarium_bridge_square
          [aquarium_subvault_window, aquarium_subvault_bridge,
          aquarium_subvault_bridge, aquarium_subvault_bridge],
          aquarium_window_1, aquarium_window_fake, aquarium_window_fake,
          aquarium_view_2g, aquarium_view_2c, uniq_ijyb
D:6:      layout_loops_ring, nicolae_elyvilon_peaceful_grove
D:7:      layout_basic, minitemple, minmay_misc_feat_enclosed
D:8:      layout_loops_ring, minmay_overflow_temple_star_quad,
          minmay_sticks_and_stones
D:9:      layout_basic, grunt_dithmenos_shadows, trog_antimagical, orc_0_dummy,
          serial_glass, glass_columns_a, glass_columns_c, glass_columns_a,
          glass_columns_a, glass_columns_a, glass_columns_c, glass_columns_a,
          glass_columns_a, minmay_fountain_box
D:10:     layout_rooms, lemuel_crystal_altar
D:11:     layout_roguey, dpeg_lair_monsters, kennysheep_generic_room_9
D:12:     layout_basic, serial_shops, shop, nicolae_shop_hallway_plus, shop,
          nicolae_diamond_shop, special_room [special_room_orc],
          nicolae_elevator_lobby_asterisk
D:13:     layout_basic, serial_shops, statue_bzr, hangedman_decor_slide_cut
D:14:     layout_cross, skrybe_vaults_entry_preservation, serial_shops,
          nicolae_stop_n_shop_1, hangedman_abyss_or_decor_stabs, lightli_airlock
D:15:     hangedman_depths_entry_civil_slaughter, layout_rooms,
          nicolae_benzene_ring
Temple:   kb_corrupted_temple
Lair:1:   layout_hall_layers, enter_volcano_1, uniq_grum
Lair:2:   layout_loops_ring, serial_bayou_pond_d, st_stairs_12,
          lemuel_centaur_altar, grunt_megastairs_5, uniq_gastronok, uniq_maggie
Lair:3:   layout_gridlike, skrybe_swamp_entry_bodies,
          spider_nest_entry_web_field, portal_ice_cave_rime,
          hellmonk_talismancer, grunt_megastairs_4
Lair:4:   layout_gridlike, beast_lair_carwin_11, infiniplex_staircase_pool,
          serial_bayou_shore_b
Lair:5:   hangedman_lair_caniforms_friends, layout_cave_shapes, wormcave,
          nicolae_slime_entry_field_trip, ebering_ghost_reflecting_pool,
          lemuel_fruit_tree
Swamp:1:  layout_basic_swamp, hangedman_swamp_pad,
          nicolae_swamp_decorative_isthmus, uniq_aizul, uniq_donald
Swamp:2:  layout_basic_swamp, evilmike_swamp_ruin_house_5,
          nicolae_swamp_tree_isthmus, infiniplex_staircase_pool_2
Swamp:3:  layout_falls_marsh, nicolae_swamp_triple_paths
Swamp:4:  swamp_vile, layout_basic_swamp, swamp_pool_4, uniq_roxanne,
          uniq_bai_suzhen, uniq_nikola
Spider:1: layout_spider_delve, nicolae_spider_webbed_stairs
Spider:2: layout_cave_pods, spiders_nest_spider_trap
Spider:3: layout_spider_delve
Spider:4: floodkiller_spider_rune_tomb, nicolae_spider_bzzzt
Orc:1:    layout_caves, basic_altar, serial_shops, nicolae_shop_trees,
          mines1_david
Orc:2:    st_orc_pillars, layout_caves, basic_altar, gauntlet_entry_generic,
          serial_shops, nicolae_shop_tiny_waterfront, nicolae_orc_pool_cavern,
          mines4_lemuel
Elf:1:    eino_elf_arrival_customs, layout_gridlike, serial_shops,
          nicolae_shop_statue_plus, minivault_28, hangedman_elf_targeted_burst
Elf:2:    elven_hall_of_blades_hangedman_original [grunt_blade_entry_basic],
          layout_geoelf_octagon, minivault_20
Elf:3:    nooodl_elf_gasket, layout_geoelf_castle, special_room
          [special_room_mythical_zoo], minmay_elf_necromancy
Vaults:1: nicolae_vaults_closet_pinwheel_1, grunt_vaults_twisty,
          nicolae_vaults_hallways_thing, nicolae_vaults_three_branches,
          vaults_room_grunt_arrival_checkpoint, nicolae_vaults_c_with_doors,
          vaults_room_hallway, nicolae_vaults_wine_cellar, v_misc_27,
          grunt_vaults_hallway_short, nicolae_vaults_cochlea,
          layout_vaults_big_room, serial_shops, bzr_entry_lakeside,
          uniq_saint_roka
Vaults:2: nicolae_vaults_door_testing_chamber, nicolae_vaults_little_squares_1,
          v_misc_15, nicolae_vaults_layer_cake_slice,
          nicolae_vaults_double_plus_2, nicolae_vaults_angled_halls,
          nicolae_vaults_storage_closets_3, nicolae_vaults_little_squares_5,
          nicolae_vaults_tetromino_L_1, hangedman_vaults_nails, v_misc_26,
          v_alt_pattern_6, layout_vaults_omnigrid,
          minmay_crypt_entry_necro_gods, nicolae_trove_entry_path_of_doom
Vaults:3: vaults_dpeg_ring, hangedman_vaults_corner_blocks,
          ontoclasm_vaults_claustrophobia, hangedman_vaults_unwind,
          nicolae_vaults_halls_meeting, v_misc_26, grunt_vaults_funnel,
          nicolae_vaults_bisected_slash, nicolae_vaults_diamond_2,
          ontoclasm_vaults_twist, layout_vaults_omnibox
Vaults:4: nicolae_vaults_meeting, v_misc_24, nicolae_vaults_little_squares_3,
          nicolae_vaults_weapon_check, serial_ice_b,
          nicolae_vaults_tetromino_Z_1, nicolae_vaults_twisting_passages,
          nicolae_vaults_trapezoid_lopsided_3, vaults_standard_mumra_x,
          vaults_room_ringed_pool, vaults_room_door_ring, layout_vaults_ring
Vaults:5: uniq_xtahua
Crypt:1:  layout_catacombs
Crypt:2:  layout_chaotic_city, st_stairs_7, lemuel_dead_fish_pool
Crypt:3:  due_elkab, layout_chaotic_city, nicolae_tomb_entry_rubble_hallway,
          nicolae_crypt_niches
Depths:1: layout_gridlike, minmay_misc_feat_columns, hell_entry,
          nrook_loot_triangle, hex_intersection, minmay_stone_trees_small,
          serial_sigils_hangedman_gnaw, minmay_misc_feat_diagonals,
          kennysheep_cluttered_room, lemuel_another_geyser, uniq_asterion,
          uniq_mara
Depths:2: minmay_the_grid_octo_tiled_octocenter_mashed
          [minmay_the_grid_octo_focus, minmay_the_grid_octo_horde,
          minmay_the_grid_octo_77, minmay_the_grid_octo_pinwheel,
          minmay_the_grid_octo_prize_single_spiral,
          minmay_the_grid_square_5x5_slash, minmay_the_grid_square_5x5_empty,
          minmay_the_grid_square_5x5_half_checkered,
          minmay_the_grid_square_5x5_checkered_statues], layout_honeycomb,
          enter_ziggurat_e, hangedman_decor_growths, hell_entry,
          grunt_pan_entry_spiral, uniq_enchantress
Depths:3: gold_lair_mu, layout_cave_pools, hellmouth_1, abyss_entry,
          serial_shops, shop, nicolae_shop_rolled_up,
          nicolae_shop_real_fake_doors, minmay_starry_boxes
Depths:4: lemuel_castle_with_subvaults [lemuel_castle_interior_carwin_2],
          layout_basic, hell_entry, hangedman_abyss_entry_splay,
          serial_bayou_shore_a, minmay_shoptagon, uniq_grunn
Zot:1:    layout_concentric_octagons, regret_index_zotdec_silver_v_v_orig_slice
Zot:2:    hellmonk_crystal_mountain, layout_gridville,
          regret_index_zotdec_onion_hex, uniq_vv
Zot:3:    lemuel_halls_of_wrath, layout_basic, st_single_dragon_hoard_2,
          regret_index_zotdec_twisting_globes
Zot:4:    gammafunk_sealed_arena, layout_basic, skrybe_zot_glass_2,
          gammafunk_ghost_arena
Zot:5:    layout_basic, st_stairs_6, nicolae_diode_quadrants

Notes
Turn   | Place    | Note
-------+----------+-------------------------------------------
     0 | D:1      | MackTheKnife the Demonspawn Hunter began the quest for the
                  | Orb.
     0 | D:1      | Reached XP level 1. HP: 16/16 MP: 1/1
     0 | D:1      | magus.rc [v1.9.6]
   139 | D:1      | Reached skill level 4 in Ranged Weapons
   143 | D:1      | Gained mutation: Spells you cast may paralyse adjacent
                  | enemies. [demonic ancestry]
   143 | D:1      | Reached XP level 2. HP: 22/22 MP: 2/2
   383 | D:1      | Gained mutation: You regenerate a little health from kills.
                  | [demonic ancestry]
   383 | D:1      | Reached XP level 3. HP: 27/27 MP: 3/3
   874 | D:2      | Reached skill level 5 in Ranged Weapons
   965 | D:2      | You pick up a book of Blasting and begin reading...
   965 | D:2      | You add the spells Volatile Blastmotes, Fulminant Prism and
                  | Iskenderun's Mystic Blast to your library.
  1008 | D:2      | Gained mutation: Spells you cast may paralyse nearby
                  | enemies. [demonic ancestry]
  1008 | D:2      | Reached XP level 4. HP: 29/33 MP: 4/4
  1818 | D:3      | Found a sacrificial altar of Ru.
  1880 | D:3      | Identified the +0 leather armour "Xuwkyromn" {Int+2 Slay+2}
  2009 | D:3      | Found a runed translucent gate.
  2010 | D:3      | Found a runed translucent gate.
  2010 | D:3      | Found a runed translucent gate.
  2014 | D:3      | Noticed Vorhees's ghost (amateur HuFi)
  2532 | D:4      | Gained mutation: Spells you cast and wands you use may
                  | paralyse nearby enemies. [demonic ancestry]
  2532 | D:4      | Reached XP level 5. HP: 17/38 MP: 5/5
  2705 | D:4      | Reached skill level 6 in Ranged Weapons
  2767 | D:4      | Identified the +0 flail of Sizutiff {heavy, Will+}
  2826 | D:4      | Noticed Natasha
  2831 | D:4      | Killed Natasha
  2844 | D:4      | Noticed Natasha
  2848 | D:4      | Killed Natasha
  2967 | D:4      | Reached XP level 6. HP: 44/44 MP: 6/6
  3036 | D:4      | Noticed Natasha
  3045 | D:4      | Killed Natasha
  3046 | D:4      | Reached skill level 7 in Ranged Weapons
  3064 | D:4      | HP: 8/44 [orc/+0 falchion (6)]
  3311 | D:4      | Found an ancient bone altar of Kikubaaqudgha.
  3311 | D:4      | Found a blossoming altar of Fedhas.
  3593 | D:5      | Entered Level 5 of the Dungeon
  3672 | D:5      | Noticed an ice beast
  3729 | D:5      | Noticed Ijyb
  3743 | D:5      | Killed Ijyb
  4039 | D:5      | Noticed a water moccasin
  4055 | D:5      | Found a staircase to the Ecumenical Temple.
  4067 | D:5      | Reached skill level 1 in Evocations
  4067 | D:5      | Reached XP level 7. HP: 35/50 MP: 7/7
  4078 | Temple   | Entered the Ecumenical Temple
  4130 | Temple   | Became a worshipper of Warmaster Okawaru
  4246 | D:5      | Reached skill level 2 in Evocations
  4267 | D:5      | Reached skill level 3 in Evocations
  4292 | D:5      | You pick up a book of Frost and begin reading...
  4292 | D:5      | You add the spells Freeze, Frozen Ramparts and Hailstorm to
                  | your library.
  4356 | D:5      | Reached skill level 4 in Evocations
  4740 | D:5      | Reached * piety under Okawaru
  4978 | D:6      | Reached skill level 3 in Fighting
  5012 | D:6      | Reached skill level 8 in Ranged Weapons
  5067 | D:6      | Reached XP level 8. HP: 58/58 MP: 8/8
  5648 | D:6      | Reached skill level 4 in Fighting
  6533 | D:7      | Found a snail-covered altar of Cheibriados.
  6534 | D:7      | Found a burning altar of Makhleb.
  6612 | D:8      | You add the spells Blink and Manifold Assault to your
                  | library.
  6662 | D:8      | Reached skill level 5 in Fighting
  6690 | D:8      | HP: 12/62 [orc/+0 trident (6)]
  6693 | D:8      | Reached skill level 9 in Ranged Weapons
  6914 | D:8      | Reached ** piety under Okawaru
  6921 | D:8      | Reached skill level 6 in Fighting
  6921 | D:8      | Gained mutation: You have sharp fingernails. [demonic
                  | ancestry]
  6921 | D:8      | Reached XP level 9. HP: 69/69 MP: 9/9
  6964 | D:8      | You pick up a book of Conjurations {@e2} and begin
                  | reading...
  6964 | D:8      | You add the spells Magic Dart and Searing Ray to your
                  | library.
  6982 | D:8      | Noticed a cyclops
  6993 | D:8      | Killed a cyclops
  7313 | D:8      | Found an ornate altar of the Wu Jian Council.
  7317 | D:8      | Found a basalt altar of Yredelemnul.
  7419 | D:8      | Reached skill level 7 in Fighting
  7422 | D:8      | Reached skill level 10 in Ranged Weapons
  7426 | D:8      | Reached *** piety under Okawaru
  7656 | D:9      | Reached skill level 8 in Fighting
  7738 | D:9      | You fall into a shaft and drop 3 floors!
  7747 | D:12     | Found Tuunujua's Jewellery Shop.
  7748 | D:12     | Noticed a green ugly thing
  7767 | D:12     | Found Sawnopugh's Book Shoppe.
  7863 | D:11     | Noticed a boulder beetle
  7945 | D:10     | Entered Level 10 of the Dungeon
  8234 | D:9      | Noticed a two-headed ogre
  8248 | D:9      | Killed a two-headed ogre
  8248 | D:9      | Reached **** piety under Okawaru
  8249 | D:9      | Reached skill level 11 in Ranged Weapons
  8249 | D:9      | Reached XP level 10. HP: 64/82 MP: 10/10
  8296 | D:9      | Reached skill level 9 in Fighting
  8400 | D:9      | You pick up a book of Cantrips and begin reading...
  8400 | D:9      | You add the spells Necrotise and Apportation to your
                  | library.
  8636 | D:9      | Found a bloodstained altar of Trog.
  8653 | D:9      | Reached ***** piety under Okawaru
  8752 | D:9      | Found a shadowy altar of Dithmenos.
  8961 | D:9      | Reached skill level 10 in Fighting
  8976 | D:9      | Found a staircase to the Orcish Mines.
  9636 | D:10     | Found a shimmering blue altar of Sif Muna.
  9735 | D:10     | Reached skill level 12 in Ranged Weapons
  9745 | D:10     | HP: 13/86 [yak (14)]
 10051 | D:10     | Reached skill level 11 in Fighting
 10230 | D:11     | Noticed a two-headed ogre
 10297 | D:11     | Noticed a death yak
 10297 | D:11     | Noticed a death yak
 10380 | D:11     | You pick up a book of Chaos and begin reading...
 10380 | D:11     | You add the spells Conjure Ball Lightning, Disjunction and
                  | Discord to your library.
 10472 | D:11     | Got Cyn Kisuph's Incunabulum of Lofty Phantasms
 10497 | D:11     | Reached skill level 2 in Dodging
 10497 | D:11     | Gained mutation: You are partially covered in rugged brown
                  | scales. (AC +1, +3% HP) [demonic ancestry]
 10497 | D:11     | Reached XP level 11. HP: 59/95 MP: 11/11
 10646 | D:11     | Reached skill level 3 in Dodging
 10746 | D:11     | Reached skill level 4 in Dodging
 11040 | D:11     | Killed a death yak
 11041 | D:11     | Reached skill level 5 in Dodging
 11185 | D:11     | Noticed a death yak
 11391 | D:11     | Found a staircase to the Lair.
 11401 | D:11     | Killed a two-headed ogre
 11402 | D:11     | Reached skill level 6 in Dodging
 11409 | Lair:1   | Entered Level 1 of the Lair of Beasts
 11444 | Lair:1   | Noticed Grum
 11892 | Lair:1   | Killed Grum
 11893 | Lair:1   | Reached skill level 7 in Dodging
 12113 | Lair:1   | Received a gift from Okawaru
 12376 | Lair:1   | Noticed a boulder beetle
 12603 | Lair:1   | Killed a boulder beetle
 12629 | Lair:1   | You pick up a book of Sloth and begin reading...
 12629 | Lair:1   | You add the spells Petrify and Metabolic Englaciation to
                  | your library.
 12825 | Lair:1   | Learned a level 2 spell: Blink
 12854 | Lair:2   | Reached skill level 8 in Dodging
 12909 | Lair:2   | Noticed Maggie
 12920 | Lair:2   | Killed Maggie
 12976 | Lair:2   | Noticed Gastronok
 13221 | Lair:2   | Reached skill level 13 in Ranged Weapons
 13221 | Lair:2   | Gained mutation: You have very sharp fingernails. [demonic
                  | ancestry]
 13221 | Lair:2   | Reached XP level 12. HP: 42/103 MP: 12/12
 13542 | Lair:2   | Reached ****** piety under Okawaru
 13542 | Lair:2   | Received a gift from Okawaru
 13555 | Lair:2   | Acquired the +7 longbow of Infection {antimagic, Contam rC+
                  | rN+ Will+}
 13555 | Lair:2   | Received a gift from Okawaru
 13560 | Lair:2   | Acquired the +2 pair of boots of the Lich-sworn {Fly rElec
                  | Str+3 Dex-2}
 13560 | Lair:2   | Received a gift from Okawaru
 13727 | Lair:2   | Found an ancient bone altar of Kikubaaqudgha.
 13737 | Lair:2   | Reached skill level 1 in Invocations
 13836 | Lair:2   | Reached skill level 2 in Invocations
 13850 | Lair:2   | Reached skill level 3 in Invocations
 13892 | Lair:2   | Killed Gastronok
 13893 | Lair:2   | Reached skill level 4 in Invocations
 14097 | Lair:2   | Reached skill level 5 in Invocations
 14303 | Lair:3   | Reached skill level 6 in Invocations
 14324 | Lair:3   | Received a gift from Okawaru
 14325 | Lair:3   | Reached skill level 14 in Ranged Weapons
 14342 | Lair:3   | Reached skill level 7 in Invocations
 14370 | Lair:3   | Found a frozen archway.
 14478 | IceCv    | Entered an ice cave
 14536 | IceCv    | Reached skill level 8 in Invocations
 14770 | IceCv    | Identified a scroll of acquirement
 14770 | IceCv    | Acquired the amulet "Ublar" {Reflect Dex+6 SH+5}
 14838 | IceCv    | Noticed a reaper
 14857 | IceCv    | Killed a reaper
 14857 | IceCv    | Received a gift from Okawaru
 14942 | IceCv    | Identified the +12 plate armour "Gipsosan" {Str+3}
 15040 | IceCv    | Reached skill level 9 in Invocations
 15162 | Lair:3   | Noticed a boulder beetle
 15162 | Lair:3   | Noticed a boulder beetle
 15174 | Lair:3   | Killed a boulder beetle
 15175 | Lair:3   | Reached XP level 13. HP: 109/109 MP: 4/19
 15450 | Lair:3   | Reached skill level 10 in Invocations
 15529 | Lair:3   | Found a hole to the Spider Nest.
 15668 | Lair:3   | Reached skill level 15 in Ranged Weapons
 15704 | Lair:3   | Found a staircase to the Swamp.
 15793 | Lair:3   | Received a gift from Okawaru
 16333 | Lair:4   | Reached skill level 16 in Ranged Weapons
 16849 | Lair:4   | magus.rc [v1.9.6]
 16926 | Lair:4   | Received a gift from Okawaru
 17365 | Lair:5   | Entered Level 5 of the Lair of Beasts
 17365 | Lair:5   | Found a staircase to the Slime Pits.
 17471 | Lair:5   | Reached skill level 17 in Ranged Weapons
 17548 | Lair:5   | Found a runed translucent door.
 17548 | Lair:5   | Noticed a fire dragon
 17779 | Lair:5   | Reached XP level 14. HP: 116/116 MP: 7/21
 18104 | Lair:5   | Received a gift from Okawaru
 18263 | Lair:5   | Reached skill level 18 in Ranged Weapons
 18298 | Lair:5   | Identified the +1 robe of the Other Side {rPois}
 18340 | Lair:5   | Found a runed translucent door.
 18340 | Lair:5   | Noticed Uduj's ghost (journeyman DjCj)
 18564 | Lair:5   | Found a viscous altar of Jiyva.
 18939 | Orc:1    | Entered Level 1 of the Orcish Mines
 19038 | Orc:1    | Found Ovageliss's Armour Emporium.
 19360 | Orc:2    | Entered Level 2 of the Orcish Mines
 19375 | Orc:2    | Found a gate leading to a gauntlet.
 19375 | Orc:2    | Found a staircase to the Elven Halls.
 19383 | Gauntlet | Entered a Gauntlet
 19383 | Gauntlet | Found a transporter.
 19392 | Gauntlet | Found a transporter.
 19395 | Gauntlet | Found a transporter.
 19406 | Gauntlet | Found a transporter.
 19409 | Gauntlet | Found a transporter.
 19418 | Gauntlet | Found a transporter.
 19444 | Gauntlet | Found a transporter.
 19455 | Gauntlet | Found a transporter.
 19461 | Gauntlet | Found a transporter.
 19461 | Gauntlet | Found a transporter.
 19499 | Gauntlet | Found a transporter.
 19523 | Gauntlet | Found a transporter.
 19537 | Gauntlet | Found a transporter.
 19538 | Gauntlet | Found a transporter.
 19721 | Gauntlet | You add the spells Alistair's Intoxication, Borgnjor's Vile
                  | Clutch and Eringya's Noxious Bog to your library.
 19724 | Gauntlet | Identified the +0 cloak "Wigij" {+Inv Stlth+}
 19800 | Gauntlet | Found the +3 hat of Pondering {ponderous, Will+ MP+10
                  | Int+5}
 19857 | Gauntlet | Identified the +4 ring mail of Prudence {rCorr}
 19861 | Gauntlet | Got the Catalogue of Forms and Enchantment
 19964 | Orc:2    | Found Ropt's Assorted Antiques.
 19972 | Orc:2    | Bought a scroll labelled YLEZEI ROEM for 33 gold pieces
 19972 | Orc:2    | Bought a scroll of teleportation for 99 gold pieces
 20111 | Orc:2    | Reached skill level 19 in Ranged Weapons
 20201 | Orc:2    | Received a gift from Okawaru
 20268 | Orc:2    | Found a bloodstained altar of Trog.
 20866 | Orc:2    | Found Dinuiddi's Antique Armour Emporium.
 20869 | Orc:2    | Found Xupna's General Store.
 20870 | Orc:2    | Found Adulofor's General Store.
 20871 | Orc:2    | Found Jafurasari's Assorted Antiques.
 20879 | Orc:2    | Bought a glowing cloak for 135 gold pieces
 20890 | Orc:2    | Bought 2 scrolls of teleportation for 108 gold pieces
 20890 | Orc:2    | Bought a scroll of blinking for 135 gold pieces
 20890 | Orc:2    | Bought a potion of curing for 54 gold pieces
 20894 | Orc:2    | Bought a puce potion for 16 gold pieces
 20897 | Orc:2    | Bought a potion of curing for 48 gold pieces
 20897 | Orc:2    | Bought a potion of curing for 48 gold pieces
 20907 | Orc:2    | Bought a +4 ring of protection for 576 gold pieces
 21567 | D:12     | Reached XP level 15. HP: 121/121 MP: 7/22
 21749 | D:12     | Reached skill level 20 in Ranged Weapons
 21767 | D:12     | Reached skill level 1 in Armour
 21782 | D:12     | Bought a +6 ring of dexterity for 432 gold pieces
 21830 | D:12     | Received a gift from Okawaru
 22032 | D:12     | Found Kepiopoc's Assorted Antiques.
 22040 | D:12     | Bought a scroll of identify for 64 gold pieces
 22040 | D:12     | Bought a scroll of identify for 64 gold pieces
 22040 | D:12     | Bought a scroll of identify for 64 gold pieces
 22309 | D:12     | Reached skill level 2 in Armour
 22413 | D:12     | Found Deguiw's Armour Boutique.
 22696 | D:13     | Reached skill level 3 in Armour
 22945 | D:13     | Found a gateway to a bazaar.
 22949 | Bazaar   | Entered a bazaar
 22970 | Bazaar   | Found Boum Miu's Distillery.
 22986 | Bazaar   | Found Ywkamek's Jewellery Emporium.
 22986 | Bazaar   | Found Mizu Vyc's General Store.
 23008 | Bazaar   | Found Qasat's Jewellery Shoppe.
 23024 | Bazaar   | Found Iwu Rid's Weapon Emporium.
 23097 | Bazaar   | Bought a potion of mutation for 88 gold pieces
 23097 | Bazaar   | Bought a potion of haste for 110 gold pieces
 23474 | D:14     | Found a runed translucent door.
 23631 | D:14     | Reached skill level 4 in Armour
 23824 | D:14     | Found a gate to the Vaults.
 23836 | D:14     | Reached skill level 12 in Fighting
 23980 | D:14     | Found Xigeneul's Magic Scroll Boutique.
 23989 | D:14     | Bought a scroll of revelation for 97 gold pieces
 24155 | D:14     | Reached skill level 5 in Armour
 24176 | D:14     | You pick up a book of Changes and begin reading...
 24240 | D:14     | Noticed a fire giant
 24273 | D:15     | Entered Level 15 of the Dungeon
 24328 | D:15     | Reached skill level 13 in Fighting
 24338 | D:15     | Received a gift from Okawaru
 24414 | D:15     | You pick up a book of Changes and begin reading...
 24592 | D:15     | Reached skill level 14 in Fighting
 24697 | D:15     | Found a staircase to the Depths.
 25138 | Lair:1   | magus.rc [v1.9.6]
 25207 | Swamp:1  | Entered Level 1 of the Swamp
 25292 | Spider:1 | Entered Level 1 of the Spider Nest
 25589 | Swamp:1  | Received a gift from Okawaru
 25590 | Swamp:1  | Reached skill level 9 in Dodging
 25595 | Swamp:1  | Gained mutation: You regenerate health from kills. [demonic
                  | ancestry]
 25595 | Swamp:1  | Reached XP level 16. HP: 54/136 MP: 3/23
 25729 | Swamp:1  | Identified the serpent talisman of the Cricket {Int+3
                  | Dex+2}
 25729 | Swamp:1  | Noticed Aizul
 25741 | Swamp:1  | Killed Aizul
 25812 | Swamp:1  | Noticed Donald
 26145 | Swamp:2  | Reached skill level 10 in Dodging
 26929 | Swamp:1  | Reached skill level 11 in Dodging
 27098 | Swamp:1  | Killed Donald
 27100 | Swamp:1  | Reached skill level 12 in Dodging
 27483 | Swamp:3  | magus.rc [v1.9.6]
 27631 | Swamp:3  | Received a gift from Okawaru
 28053 | Swamp:3  | Reached skill level 13 in Dodging
 28342 | Swamp:4  | Entered Level 4 of the Swamp
 28369 | Swamp:4  | Noticed Bai Suzhen
 28369 | Swamp:4  | Noticed Nikola
 28370 | Swamp:4  | magus.rc [v1.9.6]
 28409 | Swamp:4  | Killed Bai Suzhen
 28439 | Swamp:4  | Killed Nikola
 28501 | Swamp:4  | Noticed a tentacled monstrosity
 28511 | Swamp:4  | Killed a tentacled monstrosity
 28512 | Swamp:4  | Reached skill level 14 in Dodging
 28512 | Swamp:4  | Reached skill level 1 in Stealth
 28564 | Swamp:4  | Reached skill level 2 in Stealth
 28593 | Swamp:4  | Reached XP level 17. HP: 143/143 MP: 8/24
 28700 | Swamp:4  | Reached skill level 3 in Stealth
 28719 | Swamp:4  | Received a gift from Okawaru
 28941 | Swamp:4  | Noticed Roxanne
 28958 | Swamp:4  | Killed Roxanne
 28959 | Swamp:4  | Reached skill level 4 in Stealth
 29040 | Swamp:4  | Reached skill level 5 in Stealth
 29196 | Swamp:4  | Reached skill level 6 in Stealth
 29409 | Swamp:4  | Got a decaying rune of Zot
 30473 | Spider:1 | Reached skill level 15 in Fighting
 30765 | Spider:1 | Reached skill level 15 in Dodging
 31132 | Spider:2 | Received a gift from Okawaru
 31475 | Spider:2 | Gained mutation: You have claws for hands. [demonic
                  | ancestry]
 31475 | Spider:2 | Reached XP level 18. HP: 149/155 MP: 8/25
 31877 | Spider:2 | You pick up a book of Displacement and begin reading...
 31877 | Spider:2 | You add the spells Lesser Beckoning, Gell's Gravitas and
                  | Teleport Other to your library.
 32016 | Spider:2 | Reached skill level 16 in Fighting
 32080 | Spider:2 | Upgraded the game from 0.31-a0-1068-g5939ac1fb6 to
                  | 0.31-a0-1074-g0b22e4e0f1
 32080 | Spider:2 | magus.rc [v1.9.6]
 32266 | D:12     | Bought the ring "Roem" {Fly rF+ rC+ Stlth+} for 495 gold
                  | pieces
 32607 | Spider:3 | Received a gift from Okawaru
 32761 | Spider:3 | Reached skill level 16 in Dodging
 33137 | Spider:3 | You pick up a book of the Tundra and begin reading...
 33472 | Spider:4 | Entered Level 4 of the Spider Nest
 33559 | Spider:4 | Received a gift from Okawaru
 33690 | Spider:4 | You pick up a book of Cantrips and begin reading...
 33722 | Spider:4 | Identified the +6 plate armour of Fuuwn {Contam Dex+8}
 33955 | Spider:4 | Reached skill level 17 in Fighting
 34546 | Spider:4 | Received a gift from Okawaru
 34704 | Spider:4 | Reached skill level 17 in Dodging
 34747 | Spider:4 | Identified the +2 hat of Zin's Displeasure {rC- rN++ Will+
                  | MP+9}
 34758 | Spider:4 | Got a gossamer rune of Zot
 35107 | Elf:1    | Entered Level 1 of the Elven Halls
 35228 | Elf:1    | Found Fetus's General Store.
 35290 | Elf:1    | Received a gift from Okawaru
 35438 | Elf:1    | Reached XP level 19. HP: 167/167 MP: 8/26
 35527 | Elf:1    | Reached skill level 18 in Fighting
 36007 | Elf:2    | Received a gift from Okawaru
 36132 | Elf:2    | Found a runed translucent gate.
 36132 | Elf:2    | Found a runed translucent gate.
 36132 | Elf:2    | Found a runed translucent gate.
 36480 | Elf:3    | Entered Level 3 of the Elven Halls
 36678 | Elf:3    | Reached skill level 18 in Dodging
 36744 | Elf:3    | You pick up a book of the Warp and begin reading...
 36993 | Elf:3    | You add the spells Kiss of Death, Cigotuvi's Dreadful Rot
                  | and Anguish to your library.
 36993 | Elf:3    | Got the Commentary on the Charnel House
 37305 | Elf:3    | Noticed a Tzitzimitl
 37589 | Elf:3    | Reached skill level 19 in Fighting
 37657 | Elf:3    | Identified the +2 ring mail of Lugonu {Rampage rF+ Dex+2}
 37825 | Elf:3    | Identified the +4 mace of the Old World {heavy, Contam rF+
                  | Int+5}
 37965 | Elf:3    | a deep elf demonologist comes into view. It is wielding the
                  | +5 scythe "Finisher" {speed, execute}.
 37994 | Elf:3    | Gained mutation: Your magical and physical power is
                  | slightly enhanced at high health. [demonic ancestry]
 37994 | Elf:3    | Reached XP level 20. HP: 180/180 MP: 4/27
 38055 | Elf:3    | Reached skill level 19 in Dodging
 38109 | Elf:3    | You pick up a book of Spatial Translocations and begin
                  | reading...
 38119 | Elf:3    | You add the spells Confusing Touch, Cause Fear and Silence
                  | to your library.
 38119 | Elf:3    | Got the Incunabulum of the Sphinx
 38145 | Elf:3    | You pick up a book of the Tundra and begin reading...
 38212 | Elf:3    | Received a gift from Okawaru
 38233 | Elf:3    | Reached skill level 20 in Fighting
 38340 | Elf:3    | You pick up a book of the Warp and begin reading...
 38441 | Elf:3    | You pick up a book of the Moon and begin reading...
 38441 | Elf:3    | You add the spells Passage of Golubria and Lehudib's
                  | Crystal Spear to your library.
 38443 | Elf:3    | You add the spells Foxfire, Sticky Flame and Fire Storm to
                  | your library.
 38443 | Elf:3    | Got the Octavo of Smouldering Charms
 38445 | Elf:3    | You pick up a book of Dangerous Friends and begin
                  | reading...
 38638 | Elf:1    | Paralysed by an air elemental for 1 turns
 38856 | Vaults:1 | Entered Level 1 of the Vaults
 38857 | Vaults:1 | magus.rc [v1.9.6]
 38938 | Vaults:1 | Found a gateway to a bazaar.
 39100 | Vaults:1 | Identified the +0 broad axe of Optimality {drain, Int+2}
 39168 | Vaults:1 | Noticed Saint Roka
 39197 | Vaults:1 | Killed Saint Roka
 39198 | Vaults:1 | Reached skill level 20 in Dodging
 39383 | Vaults:1 | Reached skill level 6 in Armour
 39393 | Vaults:1 | Received a gift from Okawaru
 39412 | Vaults:1 | Identified the +4 kite shield of the Gazing Gods {Harm rN+
                  | Slay+2}
 39519 | Bazaar   | Entered a bazaar
 39527 | Bazaar   | Found Aklongueme's Weapon Boutique.
 39547 | Bazaar   | Found Vojean's General Store.
 39547 | Bazaar   | Found Daybol's General Store.
 39555 | Bazaar   | Bought a potion of heal wounds for 60 gold pieces
 39563 | Bazaar   | Bought a potion of heal wounds for 55 gold pieces
 39573 | Bazaar   | Found Eplifuf's Book Shop.
 39615 | Bazaar   | Bought a scroll of teleportation for 33 gold pieces
 39625 | Bazaar   | Bought a scroll of fear for 48 gold pieces
 39672 | Vaults:1 | You pick up a book of Blasting and begin reading...
 39713 | Vaults:1 | Reached skill level 7 in Armour
 39837 | Vaults:1 | Identified the +1 leather armour of Minor Irritation {rPois
                  | rN+ Str-3}
 39869 | Vaults:1 | Reached skill level 8 in Armour
 40389 | Vaults:2 | Found a staircase to the Crypt.
 40389 | Vaults:2 | Found a basalt altar of Yredelemnul.
 40390 | Vaults:2 | Found an ancient bone altar of Kikubaaqudgha.
 40420 | Vaults:2 | Reached skill level 9 in Armour
 40468 | Vaults:2 | Received a gift from Okawaru
 40635 | Vaults:2 | You pick up a book of Sloth and begin reading...
 40852 | Vaults:2 | Found a portal to a secret trove of treasure.
 41059 | Vaults:2 | Reached skill level 10 in Armour
 41244 | Vaults:2 | Gained mutation: You are mostly covered in rugged brown
                  | scales. (AC +2, +5% HP) [demonic ancestry]
 41244 | Vaults:2 | Reached XP level 21. HP: 181/192 MP: 12/29
 41469 | Vaults:2 | Reached skill level 11 in Invocations
 41593 | Vaults:2 | Reached skill level 12 in Invocations
 41596 | Vaults:2 | Received a gift from Okawaru
 41630 | Vaults:2 | You are sucked into a shaft and drop 2 floors!
 41703 | Vaults:4 | Reached skill level 13 in Invocations
 41846 | Vaults:4 | Reached skill level 14 in Invocations
 42019 | Vaults:3 | Reached skill level 15 in Invocations
 42169 | Vaults:3 | Received a gift from Okawaru
 42457 | Vaults:3 | Reached skill level 16 in Invocations
 43024 | Vaults:3 | Reached skill level 17 in Invocations
 43042 | Vaults:3 | Received a gift from Okawaru
 43531 | Vaults:4 | Reached skill level 18 in Invocations
 43648 | Vaults:4 | You pick up a book of Misfortune and begin reading...
 43648 | Vaults:4 | You add the spells Inner Flame, Yara's Violent Unravelling
                  | and Enfeeble to your library.
 43895 | Vaults:4 | Received a gift from Okawaru
 43910 | Vaults:4 | Reached skill level 19 in Invocations
 44124 | Vaults:4 | Reached XP level 22. HP: 133/199 MP: 9/35
 44584 | Vaults:4 | Acquired the +8 storm bow {elec, penet}
 44584 | Vaults:4 | Found the +8 storm bow {elec, penet}
 44589 | Vaults:4 | Gained mutation: You have hidden genetic defects.
                  | [mutagenic glow]
 44590 | Vaults:4 | Lost mutation: You have hidden genetic defects. [potion of
                  | mutation]
 44590 | Vaults:4 | Gained mutation: Armour fits poorly on your strangely
                  | shaped body. [potion of mutation]
 44590 | Vaults:4 | Gained mutation: You are somewhat resistant to further
                  | mutation. [potion of mutation]
 44591 | Vaults:4 | Lost mutation: Armour fits poorly on your strangely shaped
                  | body. [potion of mutation]
 44591 | Vaults:4 | Lost mutation: You are somewhat resistant to further
                  | mutation. [potion of mutation]
 44591 | Vaults:4 | Gained mutation: Your flesh is heat resistant. (rF+)
                  | [potion of mutation]
 44591 | Vaults:4 | Gained mutation: You passively map a small area around you.
                  | [potion of mutation]
 44691 | Vaults:4 | Identified the staff of Xobyenin {rF+ rN+ Stlth+ Fire}
 44858 | Crypt:1  | Entered Level 1 of the Crypt
 44944 | Crypt:1  | Reached skill level 20 in Invocations
 45701 | Crypt:2  | Received a gift from Okawaru
 45786 | Crypt:2  | You add the spells Borgnjor's Revivification and Death's
                  | Door to your library.
 46218 | Crypt:2  | Reached skill level 21 in Invocations
 46405 | Crypt:3  | Entered Level 3 of the Crypt
 46599 | Crypt:3  | Found a staircase to the Tomb.
 46651 | Crypt:3  | Received a gift from Okawaru
 47370 | Crypt:3  | Reached skill level 22 in Invocations
 47380 | Crypt:3  | Reached skill level 21 in Ranged Weapons
 47460 | Crypt:3  | Received a gift from Okawaru
 47531 | Crypt:3  | Noticed Jory
 47538 | Crypt:3  | Killed Jory
 47586 | Crypt:3  | You pick up a book of Winter and begin reading...
 47997 | Depths:1 | Entered Level 1 of the Depths
 48108 | Depths:1 | Found a gateway to Hell.
 48222 | Depths:1 | Noticed Asterion
 48232 | Depths:1 | Killed Asterion
 48437 | Depths:1 | Gained mutation: Your magical and physical power is
                  | enhanced at high health. [demonic ancestry]
 48437 | Depths:1 | Reached XP level 23. HP: 205/205 MP: 38/38
 48496 | Depths:1 | Noticed Mara
 48504 | Depths:1 | Noticed MackTheKnife's illusion
 48514 | Depths:1 | Killed Mara
 49065 | Depths:1 | magus.rc [v1.9.6]
 49103 | Depths:2 | Reached skill level 22 in Ranged Weapons
 49104 | Depths:2 | Noticed a caustic shrike
 49112 | Depths:2 | Killed a caustic shrike
 49416 | Depths:2 | Received a gift from Okawaru
 49976 | Depths:2 | Found a one-way gateway to a ziggurat.
 50013 | Depths:2 | Noticed the Enchantress
 50013 | Depths:2 | The Enchantress is wielding a +0 demon whip of pain,
                  | wearing the +7 faerie dragon scales {rCorr Dex+2 Clar} and
                  | wearing a +1 buckler of resistance. A spriggan defender is
                  | wielding a +2 quick blade of venom. A spriggan defender is
                  | wielding a +1 rapier of venom.
 50046 | Depths:2 | Killed the Enchantress
 50538 | Depths:2 | Found a one-way gate leading to the halls of Pandemonium.
 50689 | Depths:3 | Received a gift from Okawaru
 50690 | Depths:3 | Reached skill level 21 in Fighting
 50876 | Depths:3 | Found Ycasikum's Weapon Emporium.
 50884 | Depths:3 | Noticed a caustic shrike
 50892 | Depths:3 | Killed a caustic shrike
 50913 | Depths:3 | Found Pantuir's Book Emporium.
 50919 | Depths:3 | Found a one-way gate to the infinite horrors of the Abyss.
 50985 | Depths:3 | Noticed a juggernaut
 50995 | Depths:3 | Killed a juggernaut
 50996 | Depths:3 | Reached skill level 21 in Dodging
 51072 | Depths:3 | Found Lushrequ's Magic Scroll Emporium.
 51075 | Depths:3 | Bought a scroll of acquirement for 936 gold pieces
 51075 | Depths:3 | Bought a scroll of blinking for 135 gold pieces
 51075 | Depths:3 | Bought a scroll of revelation for 135 gold pieces
 51075 | Depths:3 | Acquired 922 gold pieces
 51225 | Depths:3 | Received a gift from Okawaru
 51330 | Depths:3 | Reached skill level 11 in Armour
 51528 | Depths:3 | You pick up a book of Geomancy and begin reading...
 51528 | Depths:3 | You add the spells Sandblast, Passwall, Stone Arrow and
                  | Brom's Barrelling Boulder to your library.
 51530 | Depths:3 | You add the spells Dimensional Bullseye and Vhi's Electric
                  | Charge to your library.
 51530 | Depths:3 | Got Kopoer's Anthology of the Excursion
 51545 | Depths:3 | You pick up a book of the Tundra and begin reading...
 51551 | Depths:3 | You pick up a book of Conjurations {@e2} and begin
                  | reading...
 51552 | Depths:3 | Identified the +10 long sword of Hospitality {freeze, rPois
                  | rC++}
 51555 | Depths:3 | Identified the +10 battleaxe of Descent {freeze, rElec
                  | Str+2}
 51563 | Depths:3 | You pick up a book of Hexes and begin reading...
 51637 | Depths:3 | Gained mutation: You are completely covered in rugged brown
                  | scales. (AC +3, +7% HP) [demonic ancestry]
 51637 | Depths:3 | Reached XP level 24. HP: 211/222 MP: 38/38
 51849 | Depths:4 | Entered Level 4 of the Depths
 51928 | Depths:4 | Found Qantar's Weapon Boutique.
 51947 | Depths:4 | Found Xizxefuw's General Store.
 51962 | Depths:4 | You pick up a book of Callings and begin reading...
 51967 | Depths:4 | Noticed a caustic shrike
 51967 | Depths:4 | Noticed a caustic shrike
 51967 | Depths:4 | Noticed a caustic shrike
 51974 | Depths:4 | Killed a caustic shrike
 51980 | Depths:4 | Killed a caustic shrike
 51989 | Depths:4 | Killed a caustic shrike
 52013 | Depths:4 | Received a gift from Okawaru
 52041 | Depths:4 | Identified the +3 falchion of the Arena {drain, rPois}
 52265 | Depths:4 | Reached skill level 12 in Armour
 52324 | Depths:4 | Received a gift from Okawaru
 52400 | Depths:4 | Reached skill level 22 in Fighting
 52539 | Depths:4 | Found a gate to the Realm of Zot.
 52824 | Depths:4 | You pick up a book of the Spheres and begin reading...
 52824 | Depths:4 | You add the spells Iskenderun's Battlesphere and Fireball
                  | to your library.
 52936 | Depths:4 | You pick up a book of the Warp and begin reading...
 53132 | Depths:4 | Reached skill level 22 in Dodging
 53179 | Depths:4 | Noticed a juggernaut
 53190 | Depths:4 | Killed a juggernaut
 53191 | Depths:4 | Reached skill level 13 in Armour
 53558 | Vaults:5 | Entered Level 5 of the Vaults
 53613 | Vaults:5 | Received a gift from Okawaru
 53653 | Vaults:5 | Noticed an ancient lich
 53661 | Vaults:5 | Killed an ancient lich
 53668 | Vaults:5 | Reached skill level 14 in Armour
 53815 | Vaults:5 | Received a gift from Okawaru
 53816 | Vaults:5 | Reached skill level 15 in Armour
 53819 | Vaults:5 | Gained mutation: Your magical and physical power is greatly
                  | enhanced at high health. [demonic ancestry]
 53819 | Vaults:5 | Reached XP level 25. HP: 213/232 MP: 38/38
 53831 | Vaults:5 | Reached skill level 1 in Translocations
 53853 | Vaults:5 | Reached skill level 2 in Translocations
 53868 | Vaults:5 | Reached skill level 3 in Translocations
 53906 | Vaults:5 | You add the spells Arcjolt and Maxwell's Capacitive
                  | Coupling to your library.
 53910 | Vaults:5 | You pick up a book of Party Tricks and begin reading...
 53913 | Vaults:5 | Identified the ring "Ucsimul" {Wiz rN++ Int+3}
 53921 | Vaults:5 | Identified the +3 leather armour "Trusted Companion" {Will-
                  | rCorr Str+8 Dex-3}
 53959 | Vaults:5 | You pick up a book of Geomancy and begin reading...
 53967 | Vaults:5 | You pick up a book of the Moon and begin reading...
 53972 | Vaults:5 | You pick up a book of Hexes and begin reading...
 54019 | Vaults:5 | Reached skill level 4 in Translocations
 54084 | Vaults:5 | Reached skill level 5 in Translocations
 54114 | Vaults:5 | Reached skill level 6 in Translocations
 54158 | Vaults:5 | Received a gift from Okawaru
 54271 | Vaults:5 | Identified the +5 hand axe "Wutu" {protect, rElec rF+}
 54519 | Vaults:5 | You add the spells Leda's Liquefaction and Bombard to your
                  | library.
 54519 | Vaults:5 | Got the Encyclopedia of the Assembled Rocks
 54525 | Vaults:5 | You add the spells Sting, Poisonous Vapours and Olgreb's
                  | Toxic Radiance to your library.
 54548 | Vaults:5 | Noticed Xtahua
 54552 | Vaults:5 | Killed Xtahua
 54553 | Vaults:5 | Reached skill level 16 in Armour
 54837 | Vaults:5 | Got a silver rune of Zot
 55333 | Zot:1    | Entered Level 1 of the Realm of Zot
 55725 | Zot:3    | +0 storm dragon scales {rare}; a storm dragon corpse
 55756 | Zot:3    | Received a gift from Okawaru
 55794 | Zot:3    | Reached skill level 17 in Armour
 56099 | Zot:3    | Identified +0 gold dragon scales
 56101 | Zot:3    | +0 gold dragon scales {rare}; a golden dragon corpse
 56106 | Zot:3    | You pick up a book of the Wilderness and begin reading...
 56111 | Zot:3    | +0 gold dragon scales {rare}; a golden dragon corpse
 56689 | Zot:3    | Noticed an orb of fire
 56704 | Zot:3    | Gained mutation: You are clumsy. (Dex -2) [an orb of fire]
 56708 | Zot:3    | Gained mutation: Your body sometimes deteriorates upon
                  | taking damage. [an orb of fire]
 56709 | Zot:3    | Killed an orb of fire
 56977 | Zot:3    | Reached skill level 18 in Armour
 57059 | Zot:3    | Received a gift from Okawaru
 57139 | Zot:3    | Reached skill level 19 in Armour
 57139 | Zot:3    | Reached XP level 26. HP: 239/239 MP: 33/38
 57385 | Zot:4    | Noticed an orb of fire
 57385 | Zot:4    | Found a transporter.
 57427 | Zot:5    | Entered Level 5 of the Realm of Zot
 57541 | Zot:5    | Noticed an electric golem
 57542 | Zot:5    | +0 storm dragon scales {rare}; a storm dragon corpse
 57552 | Zot:5    | Killed an electric golem
 57666 | Zot:5    | Noticed an orb of fire
 57667 | Zot:5    | Gained mutation: You are very clumsy. (Dex -4) [an orb of
                  | fire]
 57672 | Zot:5    | Noticed an orb of fire
 57673 | Zot:5    | Noticed an orb of fire
 57678 | Zot:5    | +0 storm dragon scales {rare}; a storm dragon corpse
 57682 | Zot:5    | Gained mutation: You have supernaturally acute eyesight.
                  | (SInv) [an orb of fire]
 57686 | Zot:5    | Gained mutation: You are dopey. (Int -2) [an orb of fire]
 57693 | Zot:5    | Noticed an orb of fire
 57697 | Zot:5    | Killed an orb of fire
 57698 | Zot:5    | Noticed an orb of fire
 57702 | Zot:5    | Killed an orb of fire
 57703 | Zot:5    | Reached skill level 20 in Armour
 57704 | Zot:5    | Killed an orb of fire
 57709 | Zot:5    | Killed an orb of fire
 57709 | Zot:5    | Received a gift from Okawaru
 57714 | Zot:5    | Killed an orb of fire
 57750 | Zot:5    | Noticed an ancient lich
 57751 | Zot:5    | +0 storm dragon scales {rare}; a storm dragon corpse
 57759 | Zot:5    | Killed an ancient lich
 57766 | Zot:5    | Noticed a dread lich
 57766 | Zot:5    | Noticed an orb of fire
 57770 | Zot:5    | Lost mutation: You have supernaturally acute eyesight.
                  | (SInv) [an orb of fire]
 57772 | Zot:5    | +0 storm dragon scales {rare}; a storm dragon corpse
 57789 | Zot:5    | Killed an orb of fire
 57798 | Zot:5    | Killed a dread lich
 57861 | Zot:5    | +0 storm dragon scales {rare}; a storm dragon skeleton
 57898 | Zot:5    | Reached skill level 21 in Armour
 57950 | Zot:5    | Found a transporter.
 57950 | Zot:5    | Found a transporter.
 57955 | Zot:5    | Found a transporter.
 57988 | Zot:5    | Identified +0 gold dragon scales
 58054 | Zot:5    | Found a transporter.
 58227 | Zot:5    | You pick up a book of Spatial Translocations and begin
                  | reading...
 58251 | Zot:5    | Noticed an ancient lich
 58266 | Zot:5    | Killed an ancient lich
 58434 | Zot:5    | Noticed a dread lich
 58443 | Zot:5    | Killed a dread lich
 58499 | Zot:5    | Noticed an electric golem
 58520 | Zot:5    | Killed an electric golem
 58541 | Zot:5    | Reached skill level 22 in Armour
 58544 | Zot:5    | Got the Orb of Zot
 58648 | Zot:4    | Identified the +7 demon blade of Evolution {drain, Dex+4}
 58650 | Zot:4    | Identified +1 pearl dragon scales
 58650 | Zot:4    | Noticed a seraph
 58794 | Zot:2    | Noticed an ancient lich
 58805 | Zot:2    | Killed an ancient lich
 58806 | Zot:2    | Reached skill level 5 in Evocations
 58998 | D:14     | Reached skill level 6 in Evocations
 59088 | D:10     | Noticed Tycw the pandemonium lord
 59107 | D:10     | Killed Tycw the pandemonium lord
 59108 | D:10     | Reached skill level 7 in Evocations
 59297 | D:1      | Noticed Ikheaz the pandemonium lord
 59313 | D:1      | Killed Ikheaz the pandemonium lord
 59318 | D:1      | Noticed Geddeacke the pandemonium lord
 59333 | D:1      | Killed Geddeacke the pandemonium lord
 59339 | D:1      | Reached skill level 8 in Evocations
 59385 | D:$      | Escaped with the Orb!

Vanquished Creatures
  3 pandemonium lords
  2 dread liches (Zot:5)
  4 ancient liches
  Mara (Depths:1)
  7 orbs of fire
  2 juggernauts
  Bai Suzhen (Swamp:4)
  A Killer Klown (Zot:5)
  Xtahua (Vaults:5)
  Saint Roka (Vaults:1)
  5 caustic shrikes
  12 golden dragons
  the Enchantress (Depths:2)
  Nikola (Swamp:4)
  Jory (Crypt:3)
  A Tzitzimitl (D:14)
  2 electric golems (Zot:5)
  11 tentacled monstrosities
  An Ice Fiend (Depths:4)
  A Hell Sentinel (D:14)
  28 Orb Guardians
  4 liches
  4 titans
  10 quicksilver dragons
  Asterion (Depths:1)
  2 shard shrike skeletons
  4 deep elf blademasters (Elf:3)
  A deep elf master archer (Elf:3)
  2 walking divine tomes
  4 ancient champions
  4 death cobs
  13 sphinxes
  Gastronok (Lair:2)
  Aizul (Swamp:1)
  Donald (Swamp:1)
  7 shadow dragons
  6 tengu reavers
  8 storm dragons
  Roxanne (Swamp:4)
  5 emperor scorpions
  4 draconian monks
  16 frost giants
  2 draconian knights (Zot:5)
  14 fire giants
  11 deep elf sorcerers
  4 deep elf elementalists (Elf:3)
  2 iron dragons
  An angel (Zot:5)
  7 ghost moths
  9 draconian annihilators
  21 vault wardens
  3 draconian shifters (Zot:5)
  3 draconian scorchers
  A draconian stormcaller (Zot:3)
  2 ghouls (Crypt:2)
  2 orc warlords (Vaults:4)
  16 very ugly things
  2 reapers
  4 war gargoyles
  31 ironbound preservers
  2 broodmothers (Spider:4)
  2 formless jellyfish (Vaults:1)
  6 spriggan defenders
  A rockslime zombie (Crypt:3)
  11 green draconians
  16 stone giants
  16 vampire knights
  7 deep elf demonologists
  5 eleionomae
  5 black draconians
  4 ironbound thunderhulks
  11 purple draconians
  3 bunyips
  6 spark wasps
  12 deep elf annihilators
  5 yellow draconians
  9 white draconians
  13 red draconians
  9 dire elephants
  A demonspawn black sun (D:1)
  A minotaur (Gauntlet)
  20 ettins
  14 deep elf death magi
  3 crystal guardians
  4 eidola
  2 green deaths (Swamp:4)
  A shambling mangrove (Swamp:1)
  11 yaktaur captains
  13 jiangshi
  5 entropy weavers
  10 deep elf high priests
  14 fire dragons
  46 vault guards
  9 ice dragons
  5 rakshasas
  9 great orbs of eyes
  8 ironbound frosthearts
  5 peacekeepers
  A hell beast (Swamp:4)
  A salamander tyrant (Depths:3)
  18 hydras
  14 centaur warriors
  3 radroaches (Spider:2)
  A jorogumo (Spider:4)
  13 spriggan air magi
  A catoblepas (Lair:4)
  9 two-headed ogres
  2 ghost crabs
  3 ogre magi
  5 boulder beetles
  7 alligators
  2 death knights
  6 deep troll shamans
  9 tengu warriors
  6 death scarabs (Spider:4)
  14 vampire magi
  11 death yaks
  A hell hog (Depths:3)
  7 demonic crawlers
  14 dancing weapons
  8 deep troll earth magi
  2 hell knights
  6 orc high priests
  5 occultists
  4 spriggan berserkers
  2 storm dragon zombies (Crypt:3)
  A skyshark (Lair:4)
  4 soul eaters
  A titan skeleton (Crypt:2)
  4 shadow wraiths
  A sixfirhy (Gauntlet)
  11 iron trolls
  3 salamander mystics (Depths:3)
  8 skeletal warriors
  12 deep elf knights
  An orb spider (shapeshifter) (Vaults:5)
  9 pharaoh ants
  6 spriggan druids
  4 glowing orange brains
  2 sun moths (Spider:3)
  An anaconda zombie (Crypt:3)
  12 bog bodies
  2 death drakes (Depths:4)
  5 flayed ghosts
  A golden dragon zombie (Crypt:3)
  78 deep trolls
  5 goliath frogs
  14 orb spiders
  2 shadow demons
  6 swamp dragons
  A spectral wolf spider (Spider:4)
  10 arcanists
  11 deep elf archers
  7 large abominations
  16 phantasmal warriors
  5 steelbarb worms
  7 necromancers
  16 ironbound convokers
  15 lindwurms
  2 spectral jorogumos (Spider:4)
  A broodmother zombie (Spider:4)
  2 anaconda skeletons
  6 harpies
  10 orc knights
  27 deep elf zephyrmancers
  26 wolf spiders
  2 wolf spider zombies (Spider:4)
  A mana viper (shapeshifter) (Vaults:5)
  2 orc sorcerers
  20 ugly things
  25 deep elf pyromancers
  12 manticores
  4 cyclopes
  2 will-o-the-wisps
  12 salamanders
  A naga zombie (Crypt:3)
  A dire elephant zombie (Crypt:2)
  2 ice statues
  A shock serpent zombie (Crypt:3)
  6 elephants
  22 moths of wrath
  9 black mambas
  A rust devil (D:1)
  2 smoke demons (Depths:3)
  A fire giant skeleton (Crypt:2)
  A centaur zombie (Crypt:2)
  An eleionoma skeleton (Crypt:1)
  2 orange demons
  A torpor snail (shapeshifter) (Vaults:1)
  4 gargoyles
  21 vault sentinels
  Maggie (Lair:2)
  7 cane toads
  2 hellions
  A sea snake zombie (Crypt:2)
  A shock serpent skeleton (Crypt:1)
  7 rime drakes
  12 torpor snails
  2 unseen horrors
  2 redback zombies (Spider:4)
  4 swamp worm zombies (Crypt:2)
  3 efreet
  3 spectral redbacks (Spider:4)
  3 kobold demonologists
  7 komodo dragons
  2 anaconda simulacra (IceCv)
  3 ice devils
  3 tengu conjurers
  11 yaktaurs
  6 freezing wraiths
  A guardian mummy (Vaults:2)
  A red devil (D:14)
  A hydra zombie (Crypt:3)
  10 trolls
  38 hornets
  5 harpy zombies
  2 hellwings (D:10)
  3 meliai (Spider:1)
  11 polar bears
  27 tarantellas
  A bloated husk (Swamp:4)
  13 tyrant leeches
  6 spectral jumping spiders (Spider:4)
  23 blink frogs
  2 spectral tarantellas (Spider:4)
  An ettin zombie (Vaults:2)
  A raiju (Lair:5)
  3 glass eyes
  A culicivora zombie (Spider:4)
  A tarantella zombie (Spider:4)
  A jumping spider zombie (Spider:4)
  35 slime creatures
  A stone giant simulacrum (Vaults:2)
  34 jumping spiders
  A slime creature (shapeshifter) (Depths:4)
  7 wraiths
  6 shadows
  32 spriggans
  27 culicivoras
  2 small abominations
  A culicivora (shapeshifter) (D:13)
  4 air elementals (Elf:1)
  5 wyverns
  A ynoxinul (D:14)
  4 basilisks
  A water elemental (Depths:4)
  A human (shapeshifter) (D:14)
  A yak (shapeshifter) (D:14)
  27 vampires
  50 yaks
  3 fire elementals
  A human simulacrum (Vaults:2)
  A death yak simulacrum (IceCv)
  A chaos spawn (D:1)
  Grum (Lair:1)
  23 vampire mosquitoes
  9 wargs
  79 redbacks
  2 harpy simulacra (IceCv)
  15 swamp worms
  A fire bat skeleton (Crypt:2)
  22 hell hounds
  12 water moccasins
  3 swamp drakes
  A demonspawn skeleton (Crypt:1)
  11 black bears (Lair:5)
  A sky beast (D:6)
  An ice beast (D:5)
  42 orc warriors
  26 wolves
  2 boggarts
  An ettin simulacrum (Vaults:2)
  23 ogres
  A snapping turtle skeleton (Crypt:1)
  14 centaurs
  6 kobold brigands
  A human zombie (Vaults:2)
  2 elf zombies (Elf:3)
  3 earth elementals
  7 bullfrogs
  2 necrophages (Crypt:2)
  3 two-headed ogre simulacra (IceCv)
  A scorpion (D:6)
  3 cane toad simulacra (IceCv)
  A warg zombie (Crypt:2)
  A water moccasin zombie (Crypt:3)
  3 wights (D:10)
  An elf skeleton (Crypt:1)
  3 killer bees (D:9)
  An elephant simulacrum (IceCv)
  A polar bear skeleton (Crypt:2)
  4 electric eels
  5 howler monkeys
  A crimson imp (D:1)
  22 orc priests
  A hound (D:4)
  6 jellies
  2 sleepcaps (D:6)
  4 iguanas
  Ijyb (D:5)
  12 orc wizards
  Natasha (thrice) (D:4)
  3 hell rats (D:11)
  7 spriggan simulacra
  3 troll simulacra (IceCv)
  2 polar bear simulacra (IceCv)
  3 wolf simulacra (IceCv)
  4 gnolls (D:5)
  6 adders
  2 river rats (D:11)
  6 naga simulacra (IceCv)
  4 shadow imps
  6 white imps
  12 ufetubi
  An adder skeleton (Crypt:3)
  An iguana skeleton (Crypt:1)
  A worm (D:2)
  4 dart slugs
  86 orcs
  9 ball pythons
  A bat zombie (Crypt:3)
  7 endoplasms
  5 giant cockroaches
  5 goblins
  3 hobgoblins
  7 jackals (D:1)
  16 kobolds
  6 quokkas
  8 bats
  4 frilled lizards
  A kobold zombie (Crypt:2)
  6 rats
  A river rat skeleton (Crypt:3)
  2 spectral weapons (Depths:1)
2431 creatures vanquished.

Vanquished Creatures (others)
  A red draconian (Depths:4)
  An occultist (Depths:3)
  A deep elf pyromancer (Elf:1)
  A bloated husk (Swamp:1)
  A jumping spider (Spider:1)
  2 vampire mosquitoes (Swamp:1)
7 creatures vanquished.

Grand Total: 2438 creatures vanquished

Table legend:
 A = Non-vault XP
 B = Vault XP
 C = Vault XP percentage of total XP
 D = Non-vault monster count
 E = Vault monster count
 F = Vault count percentage of total count
                 A         B        C        D         E       F
            +---------+---------+-------+---------+---------+-------
      Total |  707016 |  748346 |  51.4 |    1393 |    1007 |  42.0
            +---------+---------+-------+---------+---------+-------
        D:1 |      55 |       0 |   0.0 |      31 |       0 |   0.0
        D:2 |      70 |       0 |   0.0 |      20 |       0 |   0.0
        D:3 |      18 |       0 |   0.0 |      11 |       0 |   0.0
        D:4 |     312 |      87 |  21.8 |      29 |       3 |   9.4
        D:5 |     713 |      36 |   4.8 |      19 |       1 |   5.0
        D:6 |     515 |       0 |   0.0 |      10 |       0 |   0.0
        D:7 |     275 |       0 |   0.0 |      12 |       0 |   0.0
        D:8 |    2060 |     534 |  20.6 |      19 |       1 |   5.0
        D:9 |    3580 |     548 |  13.3 |      23 |       4 |  14.8
       D:10 |    2385 |     823 |  25.7 |      13 |       1 |   7.1
       D:11 |    3990 |    1995 |  33.3 |      14 |      12 |  46.2
       D:12 |    7585 |     746 |   9.0 |      29 |      16 |  35.6
       D:13 |    5285 |     466 |   8.1 |      14 |       1 |   6.7
       D:14 |    5851 |   11180 |  65.6 |      15 |      19 |  55.9
       D:15 |   18990 |    3541 |  15.7 |      39 |       5 |  11.4
     Lair:1 |    2560 |     296 |  10.4 |       8 |       2 |  20.0
     Lair:2 |    6101 |    3366 |  35.6 |      25 |      10 |  28.6
     Lair:3 |   17889 |    7228 |  28.8 |      53 |      16 |  23.2
     Lair:4 |    8750 |     920 |   9.5 |      25 |       3 |  10.7
     Lair:5 |    5493 |   16045 |  74.5 |      17 |      76 |  81.7
    Swamp:1 |   22028 |    2887 |  11.6 |      52 |       2 |   3.7
    Swamp:2 |   12497 |       0 |   0.0 |      32 |       0 |   0.0
    Swamp:3 |   15245 |       0 |   0.0 |      28 |       0 |   0.0
    Swamp:4 |   14447 |   27394 |  65.5 |      28 |      34 |  54.8
   Spider:1 |   19187 |       0 |   0.0 |      53 |       0 |   0.0
   Spider:2 |   25308 |    2161 |   7.9 |      76 |       7 |   8.4
   Spider:3 |   21072 |       0 |   0.0 |      49 |       0 |   0.0
   Spider:4 |   15540 |   31879 |  67.2 |      34 |      60 |  63.8
      Orc:1 |    1708 |       0 |   0.0 |      17 |       0 |   0.0
      Orc:2 |    3487 |   12414 |  78.1 |      30 |      74 |  71.2
      Elf:1 |   19584 |    7595 |  27.9 |      30 |      15 |  33.3
      Elf:2 |    7440 |    3009 |  28.8 |      12 |       4 |  25.0
      Elf:3 |   20406 |   77509 |  79.2 |      37 |      85 |  69.7
   Vaults:1 |   24051 |   34702 |  59.1 |      31 |      51 |  62.2
   Vaults:2 |   23806 |   19683 |  45.3 |      42 |      24 |  36.4
   Vaults:3 |   22101 |   27044 |  55.0 |      28 |      30 |  51.7
   Vaults:4 |   39694 |   20132 |  33.7 |      52 |      24 |  31.6
   Vaults:5 |   23355 |   99844 |  81.0 |      27 |      88 |  76.5
    Crypt:1 |   25726 |       0 |   0.0 |      37 |       0 |   0.0
    Crypt:2 |   20481 |    3726 |  15.4 |      31 |       6 |  16.2
    Crypt:3 |   19024 |   37433 |  66.3 |      26 |      62 |  70.5
   Depths:1 |   20577 |    8263 |  28.7 |      24 |       4 |  14.3
   Depths:2 |   28538 |   42811 |  60.0 |      31 |      42 |  57.5
   Depths:3 |   43856 |   26616 |  37.8 |      55 |      27 |  32.9
   Depths:4 |   32962 |   62440 |  65.4 |      30 |      51 |  63.0
      Zot:2 |    7520 |    6783 |  47.4 |       7 |       3 |  30.0
      Zot:3 |   49309 |   39239 |  44.3 |      39 |      47 |  54.7
      Zot:4 |    1497 |       0 |   0.0 |       1 |       0 |   0.0
      Zot:5 |   34093 |   99105 |  74.4 |      28 |      39 |  58.2
      IceCv |       0 |    3932 | 100.0 |       0 |      47 | 100.0
   Gauntlet |       0 |    3934 | 100.0 |       0 |      11 | 100.0
            +---------+---------+-------+---------+---------+-------

Skill      XL: |  1  2  3  4  5  6  7  8  9 10 11 12 13 14 15 16 17 18 19 20 21 22 23 24 25 26 |
---------------+-------------------------------------------------------------------------------+-----
Ranged Weapons | 4 5 6 7 8 9 11 12 13 14 17 19 20 21 22 | 22.0
Evocations     | 1 4 8 |  8.2
Fighting       | 3 6 8 11 14 15 17 19 20 21 22 | 22.0
Dodging        | 2 8 9 14 15 17 18 20 21 22 | 22.0
Invocations    | 9 10 19 22 | 22.1
Armour         | 5 10 11 15 19 22 | 22.0
Stealth        | 2 6 |  6.0
Translocations | 6 |  6.0

Action                     |  1- 3 |  4- 6 |  7- 9 | 10-12 | 13-15 | 16-18 | 19-21 | 22-24 | 25-27 || total
---------------------------+-------+-------+-------+-------+-------+-------+-------+-------+-------++-------
   Fire: Shortbow          |   131 |   235 |   118 |       |       |       |       |       |       ||   484
         Sling             |       |       |   165 |   513 |       |       |       |       |       ||   678
         Longbow           |       |       |       |   260 |  1398 |  1839 |  1859 |  1977 |  1077 ||  8410
  Throw: Dart              |       |       |     1 |     3 |     2 |       |       |       |       ||     6
 Invoke: Heroism           |       |       |       |     8 |     9 |    18 |     8 |     7 |    10 ||    60
         Finesse           |       |       |       |     1 |    15 |    19 |    18 |     9 |    12 ||    74
         Receive Weapon    |       |       |       |     1 |       |       |       |       |       ||     1
         Receive Armour    |       |       |       |     1 |       |       |       |       |       ||     1
  Evoke: Wand              |       |       |    24 |    34 |       |     2 |       |       |     2 ||    62
         Condenser vane    |       |       |       |       |       |     2 |       |       |       ||     2
         Lightning rod     |       |       |       |       |       |     2 |       |       |       ||     2
    Use: Scroll            |       |     9 |     8 |    13 |    11 |     6 |     3 |     6 |     6 ||    62
         Potion            |       |       |     1 |     2 |     2 |     3 |     1 |     4 |     2 ||    15
 Armour: Leather armour    |    38 |    63 |    64 |   228 |   152 |       |       |       |       ||   545
         Swamp dragon scal |       |       |       |       |   104 |   389 |   201 |   193 |       ||   887
         Acid dragon scale |       |       |       |       |       |       |       |    85 |   136 ||   221
  Dodge: Dodged            |    44 |    67 |    50 |   264 |   388 |  1030 |   482 |   672 |   322 ||  3319
  Block: Other             |       |       |       |       |   101 |   185 |    58 |    87 |    39 ||   470
         Reflection        |       |       |       |       |     8 |     2 |     4 |     3 |     4 ||    21

Illustrated notes

Table legend:
 A = Kills in this place as a percentage of kills in the entire game.
 B = Kills by you in this place as a percentage of kills by you in the entire game.
 C = Kills by friends in this place as a percentage of kills by friends in the entire game.
 D = Other kills in this place as a percentage of other kills in the entire game.
 E = Experience gained in this place as a percentage of experience gained in the entire game.
 F = Experience gained in this place divided by the number of levels of this place that you have seen.
                   A       B       C       D       E      F
               +-------+-------+-------+-------+-------+----------------------
         Total | 100.0 | 100.0 |   N/A | 100.0 | 100.0 | 27049.5
       Dungeon |  16.0 |  16.0 |   N/A |   0.0 |   6.6 | 6592.5
          Lair |   9.7 |   9.7 |   N/A |   0.0 |   4.6 | 13729.6
         Swamp |   7.2 |   7.2 |   N/A |   0.0 |   6.4 | 23624.5
   Spider Nest |  11.5 |  11.5 |   N/A |   0.0 |   7.7 | 28786.8
  Orcish Mines |   5.0 |   5.0 |   N/A |   0.0 |   1.2 | 8804.5
   Elven Halls |   7.5 |   7.5 |   N/A |  50.0 |   9.1 | 45181.0
        Vaults |  16.3 |  16.3 |   N/A |   0.0 |  22.5 | 66882.4
         Crypt |   6.7 |   6.7 |   N/A |   0.0 |   7.2 | 35463.3
        Depths |  10.9 |  10.9 |   N/A |  50.0 |  18.0 | 66975.0
           Zot |   6.9 |   6.9 |   N/A |   0.0 |  16.2 | 48164.4
      Ice Cave |   1.9 |   1.9 |   N/A |   0.0 |   0.3 | 3932.0
      Gauntlet |   0.5 |   0.5 |   N/A |   0.0 |   0.3 | 3934.0
               +-------+-------+-------+-------+-------+----------------------

Table legend: (Time is in decaauts)
 A = Elapsed time spent in this place.
 B = Non-inter-level travel time spent in this place.
 C = Inter-level travel time spent in this place.
 D = Time resting spent in this place.
 E = Time spent auto-exploring this place.
 F = Levels seen in this place.
 G = Mean time per level.
                   A        B        C        D        E       F      G
               +--------+--------+--------+--------+--------+-----+--------+
         Total |  56754 |  51691 |   5063 |   6137 |  34070 |  55 | 1031.9 |
       Dungeon |  16483 |  14605 |   1878 |   2231 |   9519 |  15 | 1098.9 |
        Temple |     68 |     52 |     16 |     36 |      0 |   1 |   68.0 |
          Lair |   7623 |   6830 |    793 |   1818 |   3543 |   5 | 1524.6 |
         Swamp |   3882 |   3640 |    242 |    799 |   2072 |   4 |  970.5 |
   Spider Nest |   4002 |   3595 |    407 |    121 |   2497 |   4 | 1000.5 |
  Orcish Mines |   1651 |   1500 |    151 |     40 |   1092 |   2 |  825.5 |
   Elven Halls |   3296 |   3057 |    239 |    100 |   2299 |   3 | 1098.7 |
        Vaults |   7117 |   6563 |    554 |    233 |   4870 |   5 | 1423.4 |
         Crypt |   2888 |   2792 |     96 |     15 |   2112 |   3 |  962.7 |
        Depths |   5128 |   4804 |    324 |    479 |   3317 |   4 | 1282.0 |
           Zot |   3197 |   2839 |    358 |    129 |   2016 |   5 |  639.4 |
        Bazaar |    313 |    313 |      0 |      0 |    158 |   2 |  156.5 |
      Ice Cave |    631 |    631 |      0 |     36 |    371 |   1 |  631.0 |
      Gauntlet |    468 |    468 |      0 |     98 |    203 |   1 |  468.0 |
               +--------+--------+--------+--------+--------+-----+--------+

Top non-repeatable levels by time:
  Lair:3: 2538 daAuts
   Zot:3: 1969 daAuts
   Elf:3: 1847 daAuts
    D:11: 1765 daAuts
     D:9: 1694 daAuts
Vaults:2: 1612 daAuts
Vaults:4: 1609 daAuts
Depths:4: 1425 daAuts
     D:5: 1372 daAuts
 Crypt:3: 1371 daAuts
Depths:2: 1330 daAuts
Vaults:5: 1326 daAuts
  Lair:1: 1310 daAuts
  Lair:5: 1307 daAuts
  Lair:2: 1302 daAuts
